 Dungeon Crawl Stone Soup version 0.23-a0-488-g5fd82c5 (webtiles) character file.

887 theanonym the Poker (level 7, 0/56 HPs)
             Began as a Mummy Warper on Dec 2, 2018.
             Was an Initiate of Gozag.
             Slain by a gnoll
             ... wielding a +0 flail
              (8 damage)
             ... on level 5 of the Dungeon.
             The game lasted 00:07:29 (5927 turns).

theanonym the Poker (Mummy Warper)                  Turns: 5927, Time: 00:07:29

Health: 0/56       AC: 11    Str: 16    XL:     7   Next: 77%
Magic:  11/11      EV:  4    Int: 12    God:    Gozag
Gold:   209        SH:  0    Dex: 12    Spells: 11/11 levels left

rFire    x . .     SeeInvis .   a - +0 spear
rCold    + . .     Gourm    .   (no shield)
rNeg     + + +     Faith    .   k - +0 plate armour
rPois    ∞         Spirit   .   g - +0 helmet
rElec    .         Reflect  .   (no cloak)
rCorr    .         Harm     .   (no gloves)
MR       .....                  (no boots)
Stlth    ..........             (no amulet)
HPRegen  0.18/turn              (no ring)
MPRegen  0.12/turn              (no ring)

@: gold aura
A: no food or potions, fire vulnerability, cold resistance 1, negative energy
resistance 3, torment resistance, unbreathing
a: Potion Petition, Call Merchant, Bribe Branch, Renounce Religion


Innate Abilities, Weirdness & Mutations

You do not eat or drink.
Your flesh is vulnerable to fire.
You are immune to poison.
Your flesh is cold resistant. (rC+)
You are immune to negative energy. (rN+++)
You are immune to unholy pain and torment.
You can survive without breathing.


   Skills:
 + Level 5.4 Fighting
 * Level 6.2 Polearms
 - Level 0.7 Throwing
 - Level 0.7 Armour
 - Level 1.5 Dodging
 - Level 2.6 Spellcasting
   Level 2.4 Translocations


You had 11 spell levels left.
You didn't know any spells.
Your spell library contained the following spells:

 Spells                   Type           Power        Failure   Level  Hunger
 Blink                    Tloc           N/A          100%        2    N/A
 Shroud of Golubria       Chrm/Tloc      #.........   100%        2    N/A
 Gell's Gravitas          Tloc           #.........   100%        3    N/A
 Lesser Beckoning         Tloc           #.........   100%        3    N/A
 Teleport Other           Tloc           #.......     100%        3    N/A
 Passage of Golubria      Tloc           N/A          100%        4    N/A

Skill      XL: |  1  2  3  4  5  6  7 |
---------------+----------------------+-----
Polearms       | 2 3 4 5 6 |  6.2
Fighting       | 3 4 5 |  5.4
Throwing       | |  0.7
Armour         | |  0.7
Dodging        | |  1.5
Spellcasting   | |  2.6
Translocations | |  2.4

Action                   |  1- 3 |  4- 6 |  7- 9 || total
-------------------------+-------+-------+-------++-------
Melee: Spear             |   140 |   374 |   354 ||   868
Throw: Tomahawk          |       |     1 |     8 ||     9
Invok: Potion Petition   |       |       |     2 ||     2
Evoke: Wand              |       |       |     1 ||     1
  Use: Scroll            |       |     6 |     1 ||     7
Armor: Scale mail        |    26 |       |       ||    26
       Leather armour    |     2 |       |       ||     2
       Plate armour      |    28 |   210 |   226 ||   464
Dodge: Dodged            |    44 |    64 |    54 ||   162

Inventory:

Hand Weapons
 a - a +0 spear (weapon)
Missiles
 p - 2 tomahawks of returning (quivered)
Armour
 g - a +0 helmet (worn)
   (You found it on level 1 of the Dungeon)
 k - a +0 plate armour (worn)
   (You found it on level 2 of the Dungeon)
Wands
 m - a wand of random effects (17)
   (You found it on level 2 of the Dungeon)
Scrolls
 f - 2 scrolls of fog
 i - a scroll of fear
 j - a scroll of random uselessness {unknown}
 l - a scroll of immolation {unknown}
 n - 4 scrolls of remove curse
 q - a scroll of teleportation {unknown}
 y - a scroll of magic mapping
 B - a scroll of blinking


You were on level 5 of the Dungeon.
You worshipped Gozag.
Gozag was aware of your devotion.
You were not hungry.

You visited 1 branch of the dungeon, and saw 5 of its levels.

You collected 557 gold pieces.
You paid 348 gold pieces to Gozag.

Dungeon Overview and Level Annotations

Branches:
Dungeon (5/15)
 Temple: D:4-7

Altars:
Elyvilon
Gozag
Sif Muna
Zin

Annotations:
D:2 Crazy Yiuf

#.# #......# ##### ..# ####...#
###...### ..## ##.## ##.......##
...## #.# ##.........## ....#
#.# #....≈≈≈....# ....# #.#
####...≈≈≈≈≈...# ....# #.#
###.....≈≈...≈≈... ...## #.#
#......[≈≈.>.≈≈... ..g# #.#
#@#.....≈≈...≈≈... ##.# ##.#
#g####...≈≈≈≈≈...# ##g#### #..#
#.# #....≈≈≈....# ......# #.##
#.#####.........## ##.##g#
#.#####..<$.##.......## ##%##!#
#.##.........###...###
...##.####.##.....####.######
..................#....#
......#####.........#..#########


You could see a gnoll (confused).

Notes
Turn   | Place    | Note
-------+----------+-------------------------------------------
     0 | D:1      | theanonym the Mummy Warper began the quest for the Orb.
     0 | D:1      | Reached XP level 1. HP: 16/16 MP: 4/4
   134 | D:1      | Reached skill level 2 in Polearms
   134 | D:1      | Reached XP level 2. HP: 13/22 MP: 5/5
   510 | D:1      | Reached XP level 3. HP: 25/28 MP: 7/7
  1050 | D:2      | Noticed Terence
  1092 | D:2      | Killed Terence
  1092 | D:2      | Reached skill level 3 in Fighting
  1092 | D:2      | Reached skill level 3 in Polearms
  1092 | D:2      | Reached XP level 4. HP: 32/35 MP: 8/8
  1305 | D:2      | Found a runed door.
  1484 | D:2      | Found an opulent altar of Gozag.
  1484 | D:2      | Found a glowing silver altar of Zin.
  1578 | D:2      | Became a worshipper of Gozag Ym Sagoz the Greedy
  1613 | D:2      | Noticed Crazy Yiuf
  1616 | D:2      | HP: 5/35 [Crazy Yiuf/+3 quarterstaff of chaos (17)]
  2190 | D:3      | Noticed Jessica
  2200 | D:3      | Killed Jessica
  2245 | D:3      | Reached XP level 5. HP: 31/41 MP: 9/9
  2408 | D:3      | Reached skill level 4 in Polearms
  3174 | D:4      | HP: 18/42 [iguana (10)]
  3418 | D:4      | Reached XP level 6. HP: 44/48 MP: 10/10
  3468 | D:4      | Reached skill level 4 in Fighting
  3570 | D:4      | Noticed Menkaure
  3586 | D:4      | HP: 24/48 [Menkaure (19)]
  3593 | D:4      | Killed Menkaure
  3593 | D:4      | Reached skill level 5 in Polearms
  3862 | D:4      | HP: 21/49 [worker ant (5)]
  3868 | D:4      | HP: 16/49 [adder (4)]
  4313 | D:5      | Entered Level 5 of the Dungeon
  4395 | D:5      | Found a deep blue altar of Sif Muna.
  4518 | D:5      | Reached XP level 7. HP: 43/55 MP: 11/11
  4738 | D:5      | HP: 25/55 [sky beast (4)]
  4750 | D:5      | HP: 12/55 [howler monkey (5)]
  4763 | D:5      | HP: 26/55 [howler monkey (5)]
  4768 | D:5      | HP: 15/55 [hound (2)]
  4773 | D:5      | HP: 13/55 [hound (2)]
  4776 | D:5      | HP: 3/55 [howler monkey (5)]
  5105 | D:5      | HP: 24/55 [sky beast (5)]
  5107 | D:5      | HP: 11/55 [something (4)]
  5109 | D:5      | HP: 5/55 [sky beast (6)]
  5115 | D:5      | HP: 27/55 [something/puff of flame (4)]
  5120 | D:5      | HP: 26/55 [something (1)]
  5128 | D:5      | HP: 27/55 [something (1)]
  5133 | D:5      | HP: 19/55 [sky beast (3)]
  5134 | D:5      | HP: 6/55 [sky beast (6)]
  5147 | D:5      | Reached skill level 5 in Fighting
  5562 | D:5      | Reached skill level 6 in Polearms
  5675 | D:5      | Found a white marble altar of Elyvilon.
  5691 | D:5      | HP: 28/56 [gnoll/+0 flail (4)]
  5706 | D:5      | HP: 26/56 [howler monkey (4)]
  5717 | D:5      | HP: 23/56 [gnoll/+0 spear (5)]
  5906 | D:5      | HP: 27/56 [gnoll/+0 spear (2)]
  5913 | D:5      | HP: 18/56 [gnoll/+0 flail (7)]
  5919 | D:5      | HP: 7/56 [gnoll/+0 flail (7)]
  5927 | D:5      | Slain by a gnoll

Vanquished Creatures
  Menkaure (D:4)
  A sky beast (D:5)
  An ice beast (D:5)
  A howler monkey (D:5)
  A crimson imp (D:5)
  A hound (D:5)
  4 orc wizards
  Jessica (D:3)
  4 worker ants
  Terence (D:2)
  An iguana (D:4)
  6 adders
  2 gnolls (D:5)
  A howler monkey skeleton (D:4)
  A shadow imp (D:5)
  3 oozes (D:1)
  3 worms
  A dart slug (D:2)
  2 leopard geckos
  11 orcs
  2 giant cockroaches
  5 goblins
  5 hobgoblins
  10 jackals
  7 kobolds
  3 quokkas
  8 bats
  4 frilled lizards
  2 leopard gecko skeletons (D:4)
  3 rats
96 creatures vanquished.

Table legend:
 A = Turns spent in this place as a percentage of turns spent in the entire game.
 B = Non-inter-level travel turns spent in this place as a percentage of non-inter-level travel turns spent in the entire game.
 C = Inter-level travel turns spent in this place as a percentage of turns spent in this place.
 D = Turns resting spent in this place as a percentage of non-inter-level travel turns spent in this place.
 E = Turns spent auto-exploring this place as a percentage of non-inter-level travel turns spent in this place.
 F = Non-inter-level travel turns spent in this place divided by the number of levels of this place that you've seen.
                   A       B       C       D       E      F
               +-------+-------+-------+-------+-------+----------------------
         Total | 100.0 | 100.0 |   4.1 |  36.9 |  39.4 | 1136.8
       Dungeon | 100.0 | 100.0 |   4.1 |  36.9 |  39.4 | 1136.8
               +-------+-------+-------+-------+-------+----------------------
